 Dungeon Crawl Stone Soup version 0.29.1-2-gbd0b4ee654 (webtiles) character file.

Game seed: 17294868706462304947

5154 JayTehDuck the Spear-Bearer (level 10, -1/88 HPs)
             Began as a Minotaur Fighter on Nov 4, 2022.
             Was a Follower of Trog.
             Killed from afar by an acid dragon (18 damage)
             ... with a splash of acid
             ... on level 8 of the Dungeon.
             The game lasted 00:36:14 (9213 turns).

JayTehDuck the Spear-Bearer (Minotaur Fighter)      Turns: 9213, Time: 00:36:15

Health: -1/88      AC: 15    Str: 24    XL:     10   Next: 33%
Magic:  9/9        EV:  9    Int:  5    God:    Trog [*.....]
Gold:   536        SH:  5    Dex: 11    Spells: 9/9 levels left

rFire   . . .      SeeInvis .   e - +3 trident (vorpal)
rCold   . . .      Faith    .   c - +0 buckler
rNeg    . . .      Spirit   .   r - +0 chain mail
rPois   +          Reflect  .   (helmet restricted)
rElec   .          Harm     .   (no cloak)
rCorr   .          Rampage  .   (no gloves)
Will    .....                   (no boots)
Stlth   ..........              (no amulet)
HPRegen 0.24/turn               d - ring of poison resistance
MPRegen 0.11/turn               f - +4 ring of protection

@: marked
A: horns 2, retaliatory headbutt
a: Renounce Religion, Berserk


You were on level 8 of the Dungeon.
You worshipped Trog.
Trog was aware of your devotion.
You visited 1 branch of the dungeon, and saw 8 of its levels.

You collected 536 gold pieces.

Inventory:

Hand Weapons
 e - a +3 vorpal trident (weapon)
 n - a +4 quarterstaff of chaos
Missiles
 a - 4 curare-tipped darts (quivered)
 w - 5 poisoned darts
Armour
 c - a +0 buckler (worn)
 g - the +1 ring mail "Liupp" {rC+ rCorr}
   (You found it on level 7 of the Dungeon)

   rC:        It protects you from cold.
   rCorr:     It protects you from acid and corrosion.
 r - a +0 chain mail (worn)
 x - +0 swamp dragon scales
Jewellery
 d - a ring of poison resistance (left hand)
 f - a +4 ring of protection (right hand)
 o - a ring of see invisible
Wands
 h - a wand of roots (11)
 p - a wand of paralysis (9)
 t - a wand of flame (35)
Scrolls
 i - 5 scrolls of teleportation
 m - 2 scrolls of silence
 s - a scroll of fog
 u - 2 scrolls of noise
Potions
 b - a potion of magic
 k - 2 potions of brilliance
 l - 3 potions of haste
 q - a potion of might
 v - a potion of attraction


   Skills:
 + Level 8.0 Fighting
 + Level 11.7 Polearms
 + Level 1.2 Throwing
 + Level 10.3 Armour
 + Level 2.8 Dodging
 * Level 2.2 Stealth
 * Level 7.0 Shields


You had 9 spell levels left.
You didn't know any spells.
Your spell library contained the following spells:

 Spells                   Type           Power      Damage    Failure   Level
 Ignite Poison            Fire/Tmut/Pois 0%         N/A       100%        3
 Mephitic Cloud           Conj/Pois/Air  0%         N/A       100%        3
 Freezing Cloud           Conj/Ice/Air   0%         6-21      100%        5


Dungeon Overview and Level Annotations

Branches:
Dungeon (8/15)             Temple (0/1) D:4
   Lair: D:8-11

Altars:
Dithmenos
Trog
Uskayaw
Zin


Innate Abilities, Weirdness & Mutations

You have a pair of horns on your head.
You reflexively headbutt those who attack you in melee.


Message History

Trog accepts your kill.
Trog appreciates your killing of a magic user.
Your Shields skill increases to level 7!
You bump into the stone wall.
You are too confused!
You feel less confused.
You feel yourself speed up. The orc priest barely misses you.
You furiously retaliate!
You headbutt the orc priest!
Things that are here:
a +0 club; a +0 robe; an orc corpse You closely miss the orc priest.
The orc priest is almost dead.
The orc priest invokes the aid of Beogh against you.
Pain shoots through your body!
* * * LOW HITPOINT WARNING * * *
You puncture the orc priest!
You kill the orc priest!
Trog accepts your kill.
A sourceless malevolence fills the Dungeon...
With a horrendous wail, an alarm goes off!
A sentinel's mark forms upon you.
You hear a shout!
You hear a roar!
You hear a shout!
You hear two shouts!
You hear a bellow!
You hear a shout!
You hear a bellow! x2; You hear a shout! x2
You hear a bellow!
You hear a shout! x2; You hear a bellow!
You hear a shout! x2
You hit the orc.
The orc is severely wounded.
You impale the orc!!
You kill the orc!
Trog accepts your kill.
You recover from your berserk rage.
A two-headed ogre comes into view.
It is wielding a +0 giant spiked club and a +0 dire flail.
An acid dragon comes into view.
As you read the scroll of fog, it crumbles to dust.
The scroll dissolves into smoke.
Found a stone staircase leading down.
A yak comes into view.
The acid dragon spits acid at you. The splash of acid hits you!!
You die...

††.# ...# .............
...#..................
...#.....P..P.P......
...#.....o....o.P...#####
...#.......P....P...#....
...#...P.P.P..o..........
...#....P.P.# #§§.......
...#.)......# #@§§......
.).#......†.# #§§§§.....
.).).....†..####)P§P....>
.).#........)).).§PP.O...
...#...........P.........
...#..........P.PD.......
...#...........P.........
...#............Y########
...#.........#.....


You could see a yak, an acid dragon (catching breath) and an orc wizard.

Vanquished Creatures
  Joseph (D:7)
  A komodo dragon (D:8)
  Maggie (D:7)
  A troll (D:6)
  Prince Ribbit (D:7)
  A wyvern (D:8)
  6 yaks (D:8)
  2 water moccasins (D:5)
  Duvessa (D:6)
  An orc warrior (D:8)
  A black bear (D:4)
  An ice beast (D:5)
  A centaur (D:6)
  3 ogres
  2 kobold brigands (D:7)
  4 bullfrogs
  4 scorpions
  3 wights (D:7)
  Dowan (D:6)
  5 killer bees (D:8)
  3 jellies
  3 hounds
  Crazy Yiuf (D:2)
  6 orc priests
  A gnoll bouda (D:7)
  3 iguanas
  7 orc wizards
  3 gnolls (D:7)
  7 adders
  A white imp (D:5)
  2 ufetubi (D:5)
  3 worms
  2 dart slugs
  39 orcs
  3 bats
  5 endoplasms
  5 giant cockroaches
  2 hobgoblins (D:2)
  3 jackals (D:1)
  2 quokkas
  9 ball pythons
  6 goblins
  14 kobolds
  3 rats
  A butterfly (D:4)
175 creatures vanquished.

Vanquished Creatures (others)
  12 fungi (D:8)
  12 plants (D:8)
  2 withered plants (D:8)
26 creatures vanquished.

Grand Total: 201 creatures vanquished

Notes
Turn   | Place    | Note
-------+----------+-------------------------------------------
     0 | D:1      | JayTehDuck the Minotaur Fighter began the quest for the
                  | Orb.
     0 | D:1      | Reached XP level 1. HP: 19/19 MP: 0/0
    90 | D:1      | Found a faded altar of an unknown god.
   148 | D:1      | Reached XP level 2. HP: 27/27 MP: 1/1
  1036 | D:2      | Reached XP level 3. HP: 31/33 MP: 2/2
  1189 | D:2      | Reached skill level 3 in Polearms
  1669 | D:2      | Found a runed translucent door.
  1670 | D:2      | Noticed Crazy Yiuf
  1872 | D:2      | Killed Crazy Yiuf
  1873 | D:2      | Reached XP level 4. HP: 2/40 MP: 3/3
  2201 | D:3      | Identified a scroll of acquirement
  2202 | D:3      | Acquired a +3 vorpal trident
  2476 | D:3      | Reached skill level 4 in Polearms
  2476 | D:3      | Reached skill level 5 in Armour
  2476 | D:3      | Reached XP level 5. HP: 15/46 MP: 4/4
  3663 | D:4      | Noticed a black bear
  3670 | D:4      | Killed a black bear
  3671 | D:4      | Reached skill level 5 in Polearms
  3671 | D:4      | Reached XP level 6. HP: 51/53 MP: 5/5
  3709 | D:4      | Found a staircase to the Ecumenical Temple.
  4436 | D:5      | Entered Level 5 of the Dungeon
  4466 | D:5      | Reached skill level 6 in Polearms
  4569 | D:5      | Noticed a water moccasin
  4570 | D:5      | Reached XP level 7. HP: 43/60 MP: 6/6
  4595 | D:5      | Reached skill level 5 in Fighting
  4595 | D:5      | Reached skill level 5 in Shields
  4688 | D:5      | Reached skill level 7 in Polearms
  4839 | D:5      | Reached skill level 1 in Stealth
  4906 | D:5      | Reached skill level 1 in Dodging
  5005 | D:5      | Found a hide-covered altar of Uskayaw.
  5328 | D:5      | Reached XP level 8. HP: 70/70 MP: 7/7
  5341 | D:5      | Reached skill level 8 in Polearms
  5704 | D:6      | Noticed a troll
  5716 | D:6      | Killed a troll
  5905 | D:6      | Noticed Duvessa
  5906 | D:6      | Noticed Dowan
  5918 | D:6      | Killed Duvessa
  5921 | D:6      | Killed Dowan
  5922 | D:6      | Reached skill level 9 in Polearms
  6823 | D:6      | Identified the +10 short sword of Ashenzari's Scorn {holy,
                  | rF+}
  6872 | D:6      | Reached XP level 9. HP: 51/78 MP: 8/8
  7331 | D:7      | Noticed Joseph
  7353 | D:7      | Killed Joseph
  7354 | D:7      | Reached skill level 10 in Polearms
  7556 | D:7      | Found a glowing silver altar of Zin.
  7583 | D:7      | Noticed Prince Ribbit
  7599 | D:7      | Killed Prince Ribbit
  7805 | D:7      | Found a bloodstained altar of Trog.
  7843 | D:7      | Became a worshipper of Trog the Wrathful
  7909 | D:7      | Found a shadowy altar of Dithmenos.
  8016 | D:7      | Identified the +1 ring mail "Liupp" {rC+ rCorr}
  8409 | D:7      | Noticed Maggie
  8426 | D:7      | Killed Maggie
  8747 | D:7      | Identified the +2 robe of Wototegh {rPois rF++ rC- Int-3
                  | Dex+2}
  8870 | D:8      | Reached skill level 11 in Polearms
  8886 | D:8      | Reached skill level 10 in Armour
  8886 | D:8      | Reached XP level 10. HP: 63/88 MP: 9/9
  8892 | D:8      | Reached skill level 1 in Throwing
  9045 | D:8      | Reached * piety under Trog
  9210 | D:8      | Noticed a two-headed ogre
  9213 | D:8      | Killed from afar by an acid dragon

Illustrated notes

Levels and vault maps discovered:
D:1:      reono_arrival_forest_river, layout_loops_ring,
          nicolae_ecumenical_snake_handling, minmay_misc_feat_rows,
          dk_noncrumbling_2, roderic_roman_lattice, nicolae_wormholes
D:2:      layout_loops_cross, uniq_crazy_yiuf_cottage
D:3:      kennysheep_six_static_rooms, layout_basic, minmay_misc_feat_chi,
          minmay_fractal_squares_diagonal_5
D:4:      layout_basic, minmay_temple_entry_butterflies, serial_glass,
          glass_columns_a, glass_columns_b, glass_columns_b, glass_columns_b,
          glass_columns_b, glass_columns_c, glass_columns_b, glass_columns_a
D:5:      layout_basic, mainiacjoe_overflow_paths
D:6:      layout_basic, serial_rivers, chequers_serial_rivers_micro_c,
          chequers_serial_rivers_micro_d, chequers_serial_rivers_micro_d,
          chequers_serial_rivers_micro_b, uniq_duvessa
D:7:      layout_cave_pods, grunt_dithmenos_smoke,
          mainiacjoe_overflow_catch_the_wave, uniq_maggie, uniq_prince_ribbit1,
          uniq_joseph
D:8:      layout_gridville, kiku_gazebo_garden_becter,
          grunt_lair_entry_orc_guard_hut

Skill      XL: |  1  2  3  4  5  6  7  8  9 10 |
---------------+-------------------------------+-----
Fighting       | 4 5 6 7 8 |  8.0
Shields        | 4 5 6 7 |  7.0
Armour         | 4 5 6 7 10 | 10.3
Polearms       | 3 4 5 6 7 9 11 | 11.7
Stealth        | 1 2 |  2.2
Dodging        | 1 2 |  2.8
Throwing       | 1 |  1.2

Action                   |  1- 3 |  4- 6 |  7- 9 | 10-12 || total
-------------------------+-------+-------+-------+-------++-------
Melee: Trident           |    92 |    97 |   241 |    59 ||   489
       Headbutt          |    11 |    12 |    43 |     8 ||    74
Throw: Dart              |       |       |     5 |       ||     5
Invok: Berserk           |       |       |       |     1 ||     1
  Use: Scroll            |       |    13 |     2 |     2 ||    17
       Potion            |       |     7 |     6 |       ||    13
Armor: Scale mail        |    24 |    17 |       |       ||    41
       Chain mail        |       |    19 |   130 |    42 ||   191
Dodge: Dodged            |    26 |    34 |    79 |    38 ||   177
Block: Buckler           |     6 |    19 |    52 |    17 ||    94
